 Dungeon Sprint DCSS version 0.27.1 (webtiles) character file.

Game seed: 1415017648222351291

3325 styxcanada the Imperceptible (level 9, -6/49 HPs)
             Began as a Spriggan Brigand on Aug 30, 2021.
             Was an Initiate of Gozag.
             Mangled by a moth of wrath (22 damage)
             ... called by a spriggan druid
             ... in the Dungeon (Sprint IV: "Fedhas' Mad Dash").
             The game lasted 00:07:16 (1206 turns).

styxcanada the Imperceptible (Spriggan Brigand)     Turns: 1206, Time: 00:07:16

Health: -6/49      AC:  3    Str:  7    XL:     9   Next: 71%
Magic:  10/10      EV: 24    Int: 13    God:    Gozag
Gold:   1017       SH:  0    Dex: 19    Spells: 8/8 levels left

rFire    . . .     SeeInvis +   j - +5 dagger "Diotowack" {flame, rC+ Stlth+}
rCold    + . .     Faith    .   (shield restricted)
rNeg     . . .     Spirit   .   b - +0 robe
rPois    .         Reflect  .   (helmet restricted)
rElec    .         Harm     .   c - +0 cloak
rCorr    .         Rampage  .   (gloves unavailable)
Will     +....     NoTele   +   (boots unavailable)
Stlth    +++++++++.             m - amulet of invisibility {+Inv}
HPRegen  0.16/turn              (no ring)
MPRegen  0.12/turn              (no ring)

@: gold aura, very slightly contaminated, studying Staves, very quick
A: very small, no large weapons, unfitting armour, see invisible, speed 3
a: Renounce Religion, Evoke Invisibility, Potion Petition, Call Merchant, Bribe
Branch


You were in the Dungeon.
You worshipped Gozag.
Gozag was most pleased with you.
You visited 1 branch You collected 1607 gold pieces.
You spent 590 gold pieces at shops.

Inventory:

Hand Weapons
 a - a +2 dagger
 j - the +5 dagger "Diotowack" (weapon) {flame, rC+ Stlth+}
   (You bought it in a shop in the Dungeon)

   It burns those it strikes, dealing additional fire damage.
   rC:        It protects you from cold.
   Stlth:     It makes you more stealthy.
Missiles
 e - a curare-tipped dart
 f - 14 stones (quivered)
Armour
 b - a +0 robe (worn)
 c - a +0 cloak (worn)
 o - a +0 buckler
Jewellery
 m - the amulet of invisibility (around neck) {+Inv}
   (You found it in the Dungeon)

   [amulet of nothing]

   +Inv:      It lets you turn invisible.
Wands
 p - a wand of iceblast (10)
Scrolls
 k - a scroll of blinking
Potions
 h - a potion of haste
 i - 2 potions of magic


   Skills:
 * Level 6.5 Fighting
 + Level 7.0 Short Blades
 + Level 3.7 Throwing
 * Level 10.0 Dodging
 * Level 22.0 Stealth
 * Level 4.6 Shields
 * Level 10.9 Evocations


You had 8 spell levels left.
You didn't know any spells.
Your spell library was empty.

Dungeon Overview and Level Annotations

Branches:
Dungeon (1/1)

Altars:
Cheibriados
Dithmenos
Elyvilon
Gozag
Hepliaklqana
Kikubaaqudgha
Makhleb
Nemelex Xobeh
Okawaru
Qazlal
Ru
Sif Muna
Trog
Uskayaw
Vehumet
Wu Jian
Xom
Yredelemnul
Zin
The Shining One
Beogh
Jiyva
Lugonu

Shops:
D (=((


Innate Abilities, Weirdness & Mutations

You are very small and have problems with some larger weapons.
You are too small for most types of armour.
You have supernaturally acute eyesight. (SInv)
You cover ground extremely quickly. (Speed+++)


Message History

Press: ? - help, Shift-Dir - straight line, f/p - spriggan druid
Aim: a spriggan druid, wielding a +0 quarterstaff and wearing a +0 robe (moderately wounded, very poisoned)
The mass of ice explodes!
The iceblast engulfs the spriggan druid!!
The spriggan druid is almost dead.
The spriggan druid mumbles some strange words.
The spriggan druid is healed somewhat.
Aiming: Iceblast
Press: ? - help, Shift-Dir - straight line, f/p - spriggan druid
Aim: a spriggan druid, wielding a +0 quarterstaff and wearing a +0 robe (severely wounded, poisoned)
The mass of ice explodes!
The iceblast engulfs the spriggan druid!!
You kill the spriggan druid!
Your Short Blades skill increases to level 7!
Your Dodging skill increases to level 10!
Your Stealth skill increases to level 22!
There is an open door here.
You now have 1017 gold pieces (gained 81).
Things that are here:
a +0 quarterstaff; a +0 robe
There is a corrupted altar of Lugonu here.
There is an ancient bone altar of Kikubaaqudgha here.
f - 14 stones (gained 1)
There is a viscous altar of Jiyva here.
e - a curare-tipped dart
There is a hazy altar of Hepliaklqana here.
A moth of wrath comes into view.
There is an opulent altar of Gozag here.
You see here a curare-tipped dart.
You barely miss the moth of wrath.
The moth of wrath's fur bristles in rage as it notices you.
The moth of wrath bites you but does no damage.
You hit the moth of wrath. You burn the moth of wrath.
The moth of wrath is lightly wounded.
The moth of wrath misses you.
You hit the moth of wrath. You burn the moth of wrath.
The moth of wrath is lightly wounded.
The moth of wrath bites you!!
You die...
Your body crumbles into a pile of gold.

#################################
..P#....†#.....#.⌠._._._._.⌠.#..'
P..'.....'.#..(y@(_._._._._).'..#
PPP#...†.#.#...#..._._._._...#..#
#############'##.._._._._._..#.[#
..♣......(.'...#._._._._._.⌠.####
.....♣.§...#...###############
....♣..♣..######♣♣♣♣♣..♣$
'####'######..'.(...(♣..♣
.#....'......(#♣..♣♣♣.♣..#
(#.(###.......#.♣♣.?♣.$$♣+ $


You could see a moth of wrath.

Vanquished Creatures
  A spriggan druid (D)
  2 oklob plants (D)
  3 burning bushes (D)
  3 wandering mushrooms (D)
  A queen bee (D)
  3 scorpions (D)
  4 killer bees (D)
  5 oklob saplings (D)
  2 spriggans (D)
  A river rat (D)
  A rat (D)
26 creatures vanquished.

Notes
Turn   | Place    | Note
-------+----------+-------------------------------------------
     0 | D        | styxcanada the Spriggan Brigand began the quest for the
                  | Orb.
     0 | D        | Reached XP level 1. HP: 10/10 MP: 2/2
     9 | D        | Reached skill level 8 in Stealth
     9 | D        | Reached XP level 2. HP: 15/15 MP: 3/3
    17 | D        | Noticed an oklob sapling
    19 | D        | Killed an oklob sapling
    20 | D        | Reached skill level 10 in Stealth
    20 | D        | Reached XP level 3. HP: 19/19 MP: 4/4
    21 | D        | Noticed a scorpion
    21 | D        | Found the amulet of invisibility {+Inv}
    23 | D        | Killed a scorpion
    24 | D        | Reached skill level 12 in Stealth
    24 | D        | Reached XP level 4. HP: 23/23 MP: 5/5
    47 | D        | Found an opulent altar of Gozag.
    47 | D        | Found a hazy altar of Hepliaklqana.
    47 | D        | Found a burning altar of Makhleb.
    47 | D        | Found a sparkling altar of Nemelex Xobeh.
    47 | D        | Found a snail-covered altar of Cheibriados.
    47 | D        | Found a sacrificial altar of Ru.
    47 | D        | Found a shimmering blue altar of Sif Muna.
    47 | D        | Found a shimmering altar of Xom.
    47 | D        | Found a basalt altar of Yredelemnul.
    48 | D        | Found a viscous altar of Jiyva.
    48 | D        | Found a bloodstained altar of Trog.
    48 | D        | Found an ornate altar of the Wu Jian Council.
    49 | D        | Found an iron altar of Okawaru.
    49 | D        | Found a shadowy altar of Dithmenos.
    49 | D        | Found a glowing silver altar of Zin.
    50 | D        | Found an ancient bone altar of Kikubaaqudgha.
    50 | D        | Found a hide-covered altar of Uskayaw.
    51 | D        | Found a stormy altar of Qazlal.
    51 | D        | Found a white marble altar of Elyvilon.
    51 | D        | Found a glowing golden altar of the Shining One.
    52 | D        | Became a worshipper of Gozag Ym Sagoz the Greedy
    53 | D        | Found a corrupted altar of Lugonu.
    53 | D        | Found a radiant altar of Vehumet.
    57 | D        | Reached skill level 13 in Stealth
    57 | D        | Reached XP level 5. HP: 28/28 MP: 3/6
   107 | D        | Reached skill level 14 in Stealth
   107 | D        | Reached skill level 1 in Evocations
   113 | D        | Reached skill level 5 in Dodging
   114 | D        | Reached skill level 15 in Stealth
   116 | D        | Reached XP level 6. HP: 33/33 MP: 5/7
   141 | D        | Found Temm's Jewellery Shop.
   142 | D        | Found Kiuc's Antique Weapon Emporium.
   200 | D        | Noticed a burning bush
   200 | D        | Noticed a wandering mushroom
   201 | D        | Noticed a wandering mushroom
   210 | D        | Killed a wandering mushroom
   211 | D        | Reached skill level 17 in Stealth
   211 | D        | Reached skill level 1 in Shields
   237 | D        | Killed a wandering mushroom
   238 | D        | Reached skill level 18 in Stealth
   238 | D        | Reached XP level 7. HP: 11/38 MP: 5/8
   571 | D        | Reached skill level 5 in Evocations
   589 | D        | Killed a burning bush
   590 | D        | Reached skill level 19 in Stealth
   606 | D        | Found Zececowist's Weapon Emporium.
   606 | D        | Found Murchos's Antique Weapon Shoppe.
   614 | D        | Bought the +5 dagger "Diotowack" {flame, rC+ Stlth+} for
                  | 590 gold pieces
   712 | D        | Noticed a queen bee
   720 | D        | Killed a queen bee
   721 | D        | Reached skill level 5 in Fighting
   721 | D        | Reached XP level 8. HP: 20/43 MP: 7/9
   726 | D        | Reached skill level 5 in Short Blades
   972 | D        | Noticed an oklob plant
   975 | D        | Killed an oklob plant
   976 | D        | Reached skill level 20 in Stealth
   986 | D        | Found the +12 glaive of Prune {vorpal}
   987 | D        | Noticed a burning bush
   990 | D        | Killed a burning bush
  1048 | D        | Noticed a burning bush
  1048 | D        | Noticed an oklob plant
  1049 | D        | Noticed a wandering mushroom
  1050 | D        | Killed a burning bush
  1051 | D        | Reached XP level 9. HP: 48/48 MP: 7/10
  1055 | D        | Killed an oklob plant
  1056 | D        | Reached skill level 21 in Stealth
  1056 | D        | Reached skill level 10 in Evocations
  1059 | D        | Killed a wandering mushroom
  1136 | D        | Noticed a spriggan druid
  1186 | D        | Killed a spriggan druid
  1187 | D        | Reached skill level 10 in Dodging
  1187 | D        | Reached skill level 22 in Stealth
  1201 | D        | Noticed a moth of wrath
  1206 | D        | Mangled by a moth of wrath

Illustrated notes

Levels and vault maps discovered:
D:        dungeon_sprint_fedhas [sprint_temple]

Skill      XL: |  1  2  3  4  5  6  7  8  9 |
---------------+----------------------------+-----
Fighting       | 2 3 4 5 6 |  6.5
Dodging        | 2 3 4 5 7 9 10 | 10.0
Stealth        | 8 10 12 13 15 18 19 20 22 | 22.0
Short Blades   | 3 4 6 7 |  7.0
Evocations     | 2 4 7 9 10 | 10.9
Throwing       | 3 |  3.7
Shields        | 1 2 3 4 |  4.6

Action                   |  1- 3 |  4- 6 |  7- 9 || total
-------------------------+-------+-------+-------++-------
Melee: Dagger            |     4 |    22 |    38 ||    64
Throw: Dart              |       |       |    10 ||    10
       Stone             |       |       |     1 ||     1
 Abil: Evoke Invisibilit |       |     4 |     5 ||     9
Evoke: Wand              |       |       |     2 ||     2
  Use: Scroll            |       |     1 |     2 ||     3
       Potion            |       |       |     3 ||     3
 Stab: Sleeping          |     4 |     5 |     8 ||    17
       Invisible         |       |     3 |     5 ||     8
Armor: Robe              |       |     1 |     2 ||     3
Dodge: Dodged            |       |    15 |    38 ||    53
